TOP OF THE 1ST |
Kingston Township Legion batting - Pitching for Detroit Renaissance : RHP Domingo Ramírez
|
Pitching: RHP Domingo Ramírez
|
|
Batting: LHB Forrest McCooke
|
0-0: Called Strike 0-1: SINGLE (Flyball, 78S)
|
Batting: LHB Gonzalo López
|
0-0: Ball Forrest McCooke is caught stealing 2nd base 1-0: Ball 2-0: Ball 3-0: Called Strike 3-1: Base on Balls
|
Batting: RHB Layton Templeman
|
0-0: Called Strike 0-1: Ball 1-1: Foul Ball, location: 2F 1-2: Ball 2-2: Grounds into double play, 5-4-3 (Groundball, 56)
|
Top of the 1st over - 0 run(s), 1 hit(s), 0 error(s), 0 left on base; Kingston Township 0 - Detroit 0 |
BOTTOM OF THE 1ST |
Detroit Renaissance batting - Pitching for Kingston Township Legion : RHP Woody Carlson
|
Pitching: RHP Woody Carlson
|
|
Batting: RHB Kyle Bywaters
|
0-0: Fly out, F4 (Popup, 4)
|
Batting: RHB Bernardo Herrera
|
0-0: Ball 1-0: Ball 2-0: Called Strike 2-1: Fly out, F4 (Popup, 4D)
|
Batting: LHB Gregory Johnson
|
0-0: Fly out, F9 (Flyball, 89S)
|
Bottom of the 1st over - 0 run(s), 0 hit(s), 0 error(s), 0 left on base; Kingston Township 0 - Detroit 0 |
TOP OF THE 2ND |
Kingston Township Legion batting - Pitching for Detroit Renaissance : RHP Domingo Ramírez
|
Batting: LHB Clay Rush
|
0-0: Ball 1-0: Ball 2-0: Ball 3-0: Foul Ball, location: 2F 3-1: Base on Balls
|
Batting: RHB Akihiko Oike
|
0-0: Ball 1-0: Called Strike 1-1: Foul Ball, location: 2F 1-2: Ball 2-2: Strikes out looking
|
Batting: RHB Pedro Mendoza
|
0-0: Foul Ball, location: 2F 0-1: Ball 1-1: Foul Ball, location: 2F 1-2: Strikes out swinging
|
Batting: RHB Noel Wells
|
0-0: Called Strike 0-1: Called Strike 0-2: Ball 1-2: Strikes out looking
|
Top of the 2nd over - 0 run(s), 0 hit(s), 0 error(s), 1 left on base; Kingston Township 0 - Detroit 0 |
BOTTOM OF THE 2ND |
Detroit Renaissance batting - Pitching for Kingston Township Legion : RHP Woody Carlson
|
Batting: LHB Juan González
|
0-0: Ball 1-0: SINGLE (Line Drive, 56)
|
Batting: LHB Mike Silver
|
0-0: Ball 1-0: Called Strike 1-1: Ball 2-1: Foul Ball, location: 2F 2-2: Foul Ball, location: 2F 2-2: Foul Ball, location: 2F 2-2: Ball 3-2: DOUBLE (Flyball, 89D) Juan González to third
|
Batting: RHB Lonnie Conrad
|
0-0: Called Strike 0-1: Swinging Strike 0-2: Ball 1-2: SINGLE (Line Drive, 78M) Juan González scores Mike Silver to third
|
Batting: LHB Luis Rodríguez
|
0-0: DOUBLE (Flyball, 89D) Mike Silver scores Lonnie Conrad to third
|
Batting: RHB Eric D'Angle
|
0-0: Ball 1-0: Called Strike 1-1: Foul Ball, location: 2F 1-2: Ball 2-2: Ball 3-2: Fly out, F8 (Flyball, 89M)
|
Batting: LHB Greg Robinson
|
0-0: Ball 1-0: Called Strike 1-1: Foul Ball, location: 2F 1-2: Ball 2-2: SINGLE (Flyball, 8RS) Lonnie Conrad scores Luis Rodríguez to third
|
Batting: RHB Kyle Bywaters
|
0-0: Ball 1-0: Ball 2-0: Fly out, F3 (Popup, 34S)
|
Batting: RHB Bernardo Herrera
|
0-0: Ball 1-0: Fielders Choice at 2nd, U6 (Groundball, 6M)
|
Bottom of the 2nd over - 3 run(s), 5 hit(s), 0 error(s), 2 left on base; Kingston Township 0 - Detroit 3 |
TOP OF THE 3RD |
Kingston Township Legion batting - Pitching for Detroit Renaissance : RHP Domingo Ramírez
|
Batting: RHB Stan Pierce
|
0-0: Fly out, F2 (Popup, 2LF)
|
Batting: RHB Jon Erickson
|
0-0: Called Strike 0-1: Ground out 1-3 (Groundball, 15)
|
Batting: LHB Forrest McCooke
|
0-0: Ground out 5-3 (Groundball, 56)
|
Top of the 3rd over - 0 run(s), 0 hit(s), 0 error(s), 0 left on base; Kingston Township 0 - Detroit 3 |
BOTTOM OF THE 3RD |
Detroit Renaissance batting - Pitching for Kingston Township Legion : RHP Woody Carlson
|
Batting: LHB Gregory Johnson
|
0-0: Foul Ball, location: 2F 0-1: Foul Ball, location: 2F 0-2: Strikes out swinging
|
Batting: LHB Juan González
|
0-0: Ball 1-0: Ball 2-0: Called Strike 2-1: Ball 3-1: SOLO HOME RUN (Line Drive, 9D), Distance : 349 ft
|
Pitching: LHP Zach Williams Jr.
|
|
Batting: LHB Mike Silver
|
0-0: Ball 1-0: Foul Ball, location: 2F 1-1: Called Strike 1-2: Ground out 4-3 (Groundball, 4)
|
Batting: RHB Lonnie Conrad
|
0-0: Ball 1-0: Ball 2-0: Ball 3-0: Base on Balls
|
Batting: LHB Luis Rodríguez
|
0-0: Called Strike 0-1: Foul Ball, location: 2F 0-2: Strikes out looking
|
Bottom of the 3rd over - 1 run(s), 1 hit(s), 0 error(s), 1 left on base; Kingston Township 0 - Detroit 4 |
TOP OF THE 4TH |
Kingston Township Legion batting - Pitching for Detroit Renaissance : RHP Domingo Ramírez
|
Batting: LHB Gonzalo López
|
0-0: Called Strike 0-1: Ground out 4-3 (Groundball, 4)
|
Batting: RHB Layton Templeman
|
0-0: Ball 1-0: Foul Ball, location: 2F 1-1: Ground out 1-3 (Groundball, 13)
|
Batting: LHB Clay Rush
|
0-0: Ball 1-0: Ball 2-0: Called Strike 2-1: SINGLE (Groundball, 3D)
|
Batting: RHB Akihiko Oike
|
0-0: Swinging Strike 0-1: Ball 1-1: SINGLE (Line Drive, 7LS) Clay Rush to second
|
Batting: RHB Pedro Mendoza
|
0-0: Ball 1-0: Called Strike 1-1: Foul Ball, location: 2F 1-2: Ball 2-2: DOUBLE (Flyball, 9D) Clay Rush scores Akihiko Oike to third Runner from 3rd tries for Home, SAFE, no throw or cutoff
|
Batting: RHB Noel Wells
|
0-0: Ball 1-0: Ground out 6-3 (Groundball, 6)
|
Top of the 4th over - 2 run(s), 3 hit(s), 0 error(s), 1 left on base; Kingston Township 2 - Detroit 4 |
BOTTOM OF THE 4TH |
Detroit Renaissance batting - Pitching for Kingston Township Legion : LHP Zach Williams Jr.
|
Batting: RHB Eric D'Angle
|
0-0: Ball 1-0: SINGLE (Flyball, 9S)
|
Batting: LHB Greg Robinson
|
0-0: Called Strike 0-1: Ball Passed Ball! Eric D'Angle to second 1-1: Ball 2-1: Swinging Strike 2-2: Foul Ball, location: 2F 2-2: Ground out 4-3 (Groundball, 4) Eric D'Angle to third
|
Batting: RHB Kyle Bywaters
|
0-0: SINGLE (Line Drive, 56D) Eric D'Angle scores
|
Batting: RHB Bernardo Herrera
|
0-0: Ball 1-0: Grounds into double play, 5-4-3 (Groundball, 5)
|
Bottom of the 4th over - 1 run(s), 2 hit(s), 0 error(s), 0 left on base; Kingston Township 2 - Detroit 5 |
TOP OF THE 5TH |
Kingston Township Legion batting - Pitching for Detroit Renaissance : RHP Domingo Ramírez
|
Batting: RHB Stan Pierce
|
0-0: SINGLE (Line Drive, 4D)
|
Batting: RHB Jon Erickson
|
0-0: Foul Ball, location: 2F 0-1: Foul Ball, location: 2F 0-2: Foul Ball, location: 2F 0-2: Foul Ball, location: 2F 0-2: Ball 1-2: SINGLE (Groundball, 56D) Stan Pierce to second
|
Batting: LHB Forrest McCooke
|
0-0: Ball 1-0: Sac Bunt - play at first, batter OUT! 2-3 Stan Pierce to third Jon Erickson to second
|
Batting: LHB Gonzalo López
|
0-0: Ball 1-0: Ball 2-0: Ball 3-0: Base on Balls
|
Batting: RHB Layton Templeman
|
0-0: Ball 1-0: Called Strike 1-1: Ball 2-1: Foul Ball, location: 2F 2-2: Foul Ball, location: 2F 2-2: Ball 3-2: Fly out, F9 (Flyball, 89M) Runner from 3rd tags up, SCORES, throw made
|
Batting: LHB Clay Rush
|
0-0: Ball 1-0: Ball 2-0: Called Strike 2-1: Foul Ball, location: 2F 2-2: Ball 3-2: Foul Ball, location: 2F 3-2: Base on Balls Jon Erickson to third Gonzalo López to second
|
Batting: RHB Akihiko Oike
|
0-0: Foul Ball, location: 2F 0-1: Ball 1-1: Swinging Strike 1-2: Ball 2-2: Strikes out swinging
|
Top of the 5th over - 1 run(s), 2 hit(s), 0 error(s), 3 left on base; Kingston Township 3 - Detroit 5 |
BOTTOM OF THE 5TH |
Detroit Renaissance batting - Pitching for Kingston Township Legion : LHP Zach Williams Jr.
|
Batting: LHB Gregory Johnson
|
0-0: Foul Ball, location: 2F 0-1: Foul Ball, location: 2F 0-2: Strikes out swinging
|
Batting: LHB Juan González
|
0-0: Swinging Strike 0-1: Foul Ball, location: 2F 0-2: Ball 1-2: Ball 2-2: Ball 3-2: SINGLE (Line Drive, 6MD)
|
Batting: LHB Mike Silver
|
0-0: Foul Ball, location: 2F 0-1: Foul Ball, location: 2F 0-2: Foul Ball, location: 2F 0-2: Foul Ball, location: 2F 0-2: Foul Ball, location: 2F 0-2: Fly out, F4 (Popup, 4MD)
|
Batting: RHB Lonnie Conrad
|
Pickoff Throw to First - Error! E1 Juan González to second 0-0: Intentional Walk
|
Batting: LHB Luis Rodríguez
|
0-0: DOUBLE (Line Drive, 9LM) Juan González scores Lonnie Conrad to third
|
Batting: RHB Eric D'Angle
|
0-0: Intentional Walk
|
Batting: LHB Greg Robinson
|
0-0: Fly out, F6 (Popup, 5D)
|
Bottom of the 5th over - 1 run(s), 2 hit(s), 1 error(s), 3 left on base; Kingston Township 3 - Detroit 6 |
TOP OF THE 6TH |
Kingston Township Legion batting - Pitching for Detroit Renaissance : RHP Domingo Ramírez
|
Batting: RHB Pedro Mendoza
|
0-0: SINGLE (Line Drive, 7LM)
|
Batting: RHB Noel Wells
|
0-0: Called Strike 0-1: Called Strike 0-2: Ball 1-2: Strikes out looking
|
Batting: RHB Stan Pierce
|
0-0: Ball 1-0: Fly out, F9 (Line Drive, 89D)
|
Batting: RHB Jon Erickson
|
0-0: Called Strike 0-1: Ball 1-1: Ball 2-1: Ball 3-1: Called Strike 3-2: Base on Balls Pedro Mendoza to second
|
Pitching: RHP Jack Carr
|
|
Batting: LHB Forrest McCooke
|
0-0: Called Strike 0-1: Ground out 4-3 (Groundball, 4)
|
Top of the 6th over - 0 run(s), 1 hit(s), 0 error(s), 2 left on base; Kingston Township 3 - Detroit 6 |
BOTTOM OF THE 6TH |
Detroit Renaissance batting - Pitching for Kingston Township Legion : LHP Zach Williams Jr.
|
Batting: RHB Kyle Bywaters
|
0-0: Ball 1-0: Ball 2-0: Ball 3-0: Base on Balls
|
Batting: RHB Bernardo Herrera
|
0-0: Ball Kyle Bywaters is caught stealing 2nd base 1-0: Ball 2-0: Ball 3-0: Base on Balls
|
Batting: LHB Gregory Johnson
|
0-0: Ball 1-0: Called Strike Bernardo Herrera is caught stealing 2nd base 1-1: Foul Ball, location: 2F 1-2: Foul Ball, location: 2F 1-2: Strikes out swinging
|
Bottom of the 6th over - 0 run(s), 0 hit(s), 0 error(s), 0 left on base; Kingston Township 3 - Detroit 6 |
TOP OF THE 7TH |
Kingston Township Legion batting - Pitching for Detroit Renaissance : RHP Jack Carr
|
Batting: LHB Gonzalo López
|
0-0: Ball 1-0: Foul Ball, location: 2F 1-1: Swinging Strike 1-2: Ball 2-2: Fly out, F9 (Flyball, 89XD)
|
Batting: RHB Layton Templeman
|
0-0: Ball 1-0: Foul Ball, location: 2F 1-1: Called Strike 1-2: SINGLE (Groundball, 13) (infield hit)
|
Batting: LHB Clay Rush
|
0-0: Ball 1-0: Ball 2-0: SINGLE (Groundball, 34S) Layton Templeman to second Runner from 2nd tries for 3rd, SAFE, throw made to third
|
Batting: RHB Akihiko Oike
|
0-0: Called Strike 0-1: Ball 1-1: Called Strike 1-2: Foul Ball, location: 2F 1-2: Strikes out looking
|
Batting: RHB Pedro Mendoza
|
0-0: Ball 1-0: Swinging Strike 1-1: Ball 2-1: DOUBLE (Flyball, 89D) Layton Templeman scores Clay Rush to third
|
Batting: RHB Noel Wells
|
0-0: Called Strike 0-1: Ball Wild Pitch! Clay Rush scores Pedro Mendoza to third 1-1: Ball 2-1: Foul Ball, location: 2F 2-2: Ground out 6-3 (Groundball, 56)
|
Top of the 7th over - 2 run(s), 3 hit(s), 0 error(s), 1 left on base; Kingston Township 5 - Detroit 6 |
BOTTOM OF THE 7TH |
Detroit Renaissance batting - Pitching for Kingston Township Legion : LHP Zach Williams Jr.
|
Batting: LHB Juan González
|
0-0: Foul Ball, location: 2F 0-1: Ground out U3 (Groundball, 3L)
|
Batting: LHB Mike Silver
|
0-0: Ball 1-0: Ball 2-0: Foul Ball, location: 2F 2-1: Ball 3-1: Base on Balls
|
Batting: RHB Lonnie Conrad
|
0-0: Ball 1-0: SINGLE (Line Drive, 34D) Mike Silver to second
|
Batting: LHB Luis Rodríguez
|
0-0: Called Strike Mike Silver steals 3rd base Lonnie Conrad to second 0-1: Fly out, F7 (Flyball, 7LM) Runner from 3rd tags up, SCORES, throw made
|
Batting: RHB Eric D'Angle
|
0-0: Intentional Walk
|
Pinch Hitting: SHB Virgil Eberle
|
0-0: Ball 1-0: Foul Ball, location: 2F 1-1: Swinging Strike 1-2: Ball 2-2: Foul Ball, location: 2F 2-2: SINGLE (Line Drive, 9S) Lonnie Conrad to third Eric D'Angle to second Runner from 3rd tries for Home, throw and OUT!
|
Bottom of the 7th over - 1 run(s), 2 hit(s), 0 error(s), 2 left on base; Kingston Township 5 - Detroit 7 |
TOP OF THE 8TH |
Kingston Township Legion batting - Pitching for Detroit Renaissance : RHP Jack Carr
|
Now at 1B: Harry Fuller
|
|
Now in RF: Virgil Eberle
|
|
Batting: RHB Stan Pierce
|
0-0: Ball 1-0: Foul Ball, location: 2F 1-1: Called Strike 1-2: Ball 2-2: Ball 3-2: Strikes out looking
|
Pitching: LHP José Guerrero
|
|
Batting: RHB Jon Erickson
|
0-0: Called Strike 0-1: Ball 1-1: Ball 2-1: Ball 3-1: Base on Balls
|
Batting: LHB Forrest McCooke
|
0-0: Foul Ball, location: 2F 0-1: Swinging Strike 0-2: Ball 1-2: Strikes out looking
|
Batting: LHB Gonzalo López
|
0-0: Swinging Strike 0-1: Ground out 4-3 (Groundball, 34)
|
Top of the 8th over - 0 run(s), 0 hit(s), 0 error(s), 1 left on base; Kingston Township 5 - Detroit 7 |
BOTTOM OF THE 8TH |
Detroit Renaissance batting - Pitching for Kingston Township Legion : LHP Zach Williams Jr.
|
Pitching: LHP Robert Byrd
|
|
Batting: RHB Kyle Bywaters
|
0-0: Foul Ball, location: 2F 0-1: Ball 1-1: Ball 2-1: Called Strike 2-2: SINGLE (Line Drive, 78S)
|
Batting: RHB Bernardo Herrera
|
0-0: Called Strike Kyle Bywaters steals 2nd base 0-1: Ball 1-1: Intentional Walk
|
Batting: LHB Gregory Johnson
|
0-0: Ball 1-0: Ball 2-0: Ground out 4-3 (Groundball, 4M) Kyle Bywaters to third Bernardo Herrera to second
|
Batting: LHB Juan González
|
0-0: Ball 1-0: Foul Ball, location: 2F 1-1: Ball 2-1: Ball 3-1: Foul Ball, location: 2F 3-2: Ground out 4-3 (Groundball, 4)
|
Batting: LHB Mike Silver
|
0-0: Intentional Walk
|
Batting: RHB Harry Fuller
|
0-0: Called Strike 0-1: Foul Ball, location: 2F 0-2: Ground out 6-3 (Groundball, 56)
|
Bottom of the 8th over - 0 run(s), 1 hit(s), 0 error(s), 3 left on base; Kingston Township 5 - Detroit 7 |
TOP OF THE 9TH |
Kingston Township Legion batting - Pitching for Detroit Renaissance : LHP José Guerrero
|
Batting: RHB Layton Templeman
|
0-0: Ball 1-0: Ground out 1-3 (Groundball, 13)
|
Batting: LHB Clay Rush
|
0-0: Ball 1-0: Foul Ball, location: 2F 1-1: Swinging Strike 1-2: Strikes out swinging
|
Batting: RHB Akihiko Oike
|
0-0: Called Strike 0-1: Foul Ball, location: 2F 0-2: Strikes out swinging
|
Top of the 9th over - 0 run(s), 0 hit(s), 0 error(s), 0 left on base; Kingston Township 5 - Detroit 7 |
|